 Dungeon Sprint DCSS version 0.27-a0-1191-g601b473118 (webtiles) character file.

Game seed: 2218457495401392901

4046 mhtbhm the Destroyer (level 10, -7/48 HPs)
             Began as a Spriggan Conjurer on May 24, 2021.
             Was the Champion of Vehumet.
             Killed from afar by a deep elf knight (32 damage)
             ... with a shard of ice
             ... in the Dungeon (Sprint III: "The Ten Rune Challenge").
             The game lasted 00:08:05 (2489 turns).

mhtbhm the Destroyer (Spriggan Conjurer)            Turns: 2489, Time: 00:08:05

Health: -7/48      AC:  2    Str:  3    XL:     10   Next: 4%
Magic:  22/28      EV: 21    Int: 23    God:    Vehumet [******]
Gold:   2149       SH:  0    Dex: 14    Spells: 17/35 levels left

rFire    + . .     SeeInvis +   m - +0 dagger
rCold    + . .     Faith    .   (shield restricted)
rNeg     . . .     Spirit   .   a - +0 robe
rPois    .         Reflect  .   (helmet restricted)
rElec    .         Harm     .   c - scarf {rC+ rF+}
rCorr    .         Rampage  .   (gloves unavailable)
Will     +....     NoTele   +   (boots unavailable)
Stlth    ++++......             (no amulet)
HPRegen  0.16/turn              (no ring)
MPRegen  0.21/turn              (no ring)

@: very quick
A: very small, no large weapons, unfitting armour, see invisible, speed 3
a: Renounce Religion


You were in the Dungeon.
You worshipped Vehumet.
Vehumet was exalted by your worship.
You visited 1 branch You collected 2565 gold pieces.
You spent 416 gold pieces at shops.

Inventory:

Hand Weapons
 m - a +0 dagger (weapon)
Missiles
 i - 23 stones
Armour
 a - a +0 robe (worn)
 c - a scarf of resistance (worn)
Scrolls
 b - a scroll of amnesia {unknown}
 d - a scroll of holy word {unknown}
 f - 2 scrolls of identify {unknown}
 h - a scroll of blinking
 k - a scroll of torment {unknown}
Potions
 e - a potion of haste
 g - 2 potions of berserk rage
 j - 4 potions of flight
 l - 6 potions of mutation
 n - a potion of might
Miscellaneous
 o - a phantom mirror


   Skills:
 + Level 2.8 Fighting
 + Level 9.2 Dodging
 + Level 10.5 Stealth
 + Level 13.4 Spellcasting
 + Level 13.6 Conjurations
 + Level 0.1 Fire Magic
 + Level 2.3 Air Magic
 + Level 1.4 Poison Magic


You had 17 spell levels left.
You knew the following spells:

 Your Spells              Type           Power      Damage    Failure   Level
a - Magic Dart            Conj           100%       1d8       0%          1
b - Searing Ray           Conj           100%       3d7       0%          2
c - Dazzling Flash        Conj/Hex       92%        N/A       1%          3
d - Iskenderun's Mystic   Conj/Tloc      46%        2d10      1%          4
e - Mephitic Cloud        Conj/Pois/Air  42%        N/A       1%          3
f - Fireball              Conj/Fire      23%        3d11      1%          5

Your spell library contained the following spells:

 Spells                   Type           Power      Damage    Failure   Level
 Irradiate                Conj/Tmut      23%        3d21      1%          5
 Conjure Flame            Conj/Fire      47%        6-21      1%          3
 Fulminant Prism          Conj/Hex       23%        3d13      1%          4
 Animate Skeleton         Necr           30%        N/A       4%          1
 Pain                     Necr           60%        1d7       4%          1
 Blink                    Tloc           N/A        N/A       6%          2
 Call Imp                 Summ           15%        N/A       6%          2
 Slow                     Hex            15%        N/A       6%          2
 Vampiric Draining        Necr           7%         2d7       12%         3
 Animate Dead             Necr           7%         N/A       36%         4
 Agony                    Necr           15%        N/A       73%         5


Dungeon Overview and Level Annotations

Branches:
Dungeon (1/1)

Altars:
Cheibriados
Dithmenos
Elyvilon
Fedhas
Gozag
Hepliaklqana
Kikubaaqudgha
Makhleb
Nemelex Xobeh
Okawaru
Qazlal
Ru
Sif Muna
Trog
Uskayaw
Vehumet
Wu Jian
Xom
Yredelemnul
Zin
The Shining One
Beogh
Jiyva
Lugonu

Shops:
D [


Innate Abilities, Weirdness & Mutations

You are very small and have problems with some larger weapons.
You are too small for most types of armour.
You have supernaturally acute eyesight. (SInv)
You cover ground extremely quickly. (Speed+++)


Message History

The searing ray hits the deep elf knight!
The deep elf knight is severely wounded.
The searing ray hits the deep elf pyromancer!
The deep elf pyromancer is severely wounded.
You finish channeling your searing ray.
The deep elf knight completely misses you.
Unknown command.
Casting: Searing Ray (safe; 0% risk of failure)
Confirm with . or Enter, or press ? or * to list all spells.
Aiming: Searing Ray (safe; 0% risk of failure)
Press: ? - help, Shift-Dir - straight line, f/p - deep elf knight
Aim: a deep elf knight, wielding a +0 long sword (severely wounded, fast, 68% to hit)
The searing ray hits the deep elf knight!
The deep elf knight is almost dead. (Press . to maintain the ray.)
The deep elf knight casts a spell at you.
The lance of force misses you.
The deep elf knight completely misses you.
Unknown command.
The searing ray misses the deep elf knight.
The searing ray hits the deep elf pyromancer!
The deep elf pyromancer is almost dead.
The searing ray hits the deep elf zephyrmancer!
The deep elf zephyrmancer is moderately wounded.
The deep elf knight casts a spell at you.
The lance of force misses you.
The searing ray hits the deep elf knight!
The deep elf knight is almost dead.
The searing ray hits the deep elf pyromancer!
You kill the deep elf pyromancer!
Vehumet accepts your kill.
Vehumet offers you knowledge of Irradiate.
You feel your power returning.
The searing ray hits the deep elf zephyrmancer!
The deep elf zephyrmancer is heavily wounded.
The deep elf knight misses you.
The deep elf knight casts a spell at you.
The shard of ice hits you!! You partially resist.
Ouch! That really hurt!
You die...

▓▓▓ ▓▓▓▓▓▓▓▓
#####.###....#.#######
_#__##.####....'@#...#
)#._#.........##e#...##≈
##[##))........#e#...≈≈≈
....#))......###.#e..##≈
....#)###∩.#..##.e...#
###'#)#...####.#######
#...#)#####################
#...#.)≈≈≈'.#.'...'.#.#.#.+
#...#.#§§§#.#)#...##.#.#.#


You could see a deep elf knight (fast), 2 deep elf pyromancers and a deep elf
zephyrmancer.

Vanquished Creatures
  Erica (D)
  A centaur warrior (D)
  2 deep elf pyromancers (D)
  An unseen horror (D)
  3 wandering mushrooms (D)
  A shadow (D)
  A spatial vortex (D)
  A necrophage (D)
  3 orc warriors (D)
  2 centaurs (D)
  An earth elemental (D)
  A scorpion (D)
  A water elemental (D)
  A jelly (D)
  3 orc priests (D)
  A wizard (D)
  A necromancer (D)
  3 humans (D)
  A kobold demonologist (D)
  12 orcs (D)
  4 rats (D)
45 creatures vanquished.

Vanquished Creatures (others)
  2 hydras (D)
  A ballistomycete spore (D)
  2 plants (D)
5 creatures vanquished.

Grand Total: 50 creatures vanquished

Notes
Turn   | Place    | Note
-------+----------+-------------------------------------------
     0 | D        | mhtbhm the Spriggan Conjurer began the quest for the Orb.
     0 | D        | Reached XP level 1. HP: 9/9 MP: 5/5
   313 | D        | Reached XP level 2. HP: 4/13 MP: 0/7
   429 | D        | Learned a level 2 spell: Searing Ray
   520 | D        | Noticed a scorpion
   542 | D        | Killed a scorpion
   543 | D        | Reached XP level 3. HP: 13/16 MP: 2/10
   543 | D        | Reached XP level 4. HP: 17/21 MP: 2/11
   793 | D        | Learned a level 3 spell: Dazzling Flash
   798 | D        | Learned a level 4 spell: Iskenderun's Mystic Blast
   804 | D        | Noticed a water elemental
   810 | D        | Killed a water elemental
   811 | D        | Reached skill level 5 in Stealth
   811 | D        | Reached skill level 5 in Spellcasting
   959 | D        | Found a radiant altar of Vehumet.
   959 | D        | Noticed a wizard
   965 | D        | Noticed a red devil
   966 | D        | Reached XP level 5. HP: 21/25 MP: 4/13
   967 | D        | Reached skill level 5 in Dodging
  1039 | D        | Found a shimmering blue altar of Sif Muna.
  1039 | D        | Found an ancient bone altar of Kikubaaqudgha.
  1049 | D        | Became a worshipper of Vehumet
  1056 | D        | Learned a level 3 spell: Mephitic Cloud
  1068 | D        | Found a basalt altar of Yredelemnul.
  1068 | D        | Found a shadowy altar of Dithmenos.
  1068 | D        | Found a sacrificial altar of Ru.
  1068 | D        | Noticed a necrophage
  1071 | D        | Killed a necrophage
  1072 | D        | Reached XP level 6. HP: 29/29 MP: 11/16
  1152 | D        | Found a glowing silver altar of Zin.
  1152 | D        | Found a glowing golden altar of the Shining One.
  1152 | D        | Found a white marble altar of Elyvilon.
  1152 | D        | Noticed a deep elf pyromancer
  1156 | D        | Killed a deep elf pyromancer
  1156 | D        | Reached * piety under Vehumet
  1156 | D        | Offered knowledge of Freeze by Vehumet.
  1157 | D        | Reached skill level 1 in Fighting
  1157 | D        | Reached skill level 10 in Conjurations
  1157 | D        | Reached XP level 7. HP: 33/33 MP: 12/20
  1210 | D        | Found a hide-covered altar of Uskayaw.
  1210 | D        | Found an iron altar of Okawaru.
  1210 | D        | Found a bloodstained altar of Trog.
  1210 | D        | Found an ornate altar of the Wu Jian Council.
  1210 | D        | Noticed a human
  1210 | D        | Noticed a human
  1217 | D        | Killed a human
  1219 | D        | Killed a human
  1303 | D        | Reached ** piety under Vehumet
  1328 | D        | Noticed a shadow
  1332 | D        | Killed a shadow
  1332 | D        | Offered knowledge of Poisonous Vapours by Vehumet.
  1333 | D        | Reached XP level 8. HP: 37/37 MP: 16/22
  1381 | D        | Found a blossoming altar of Fedhas.
  1381 | D        | Found a stormy altar of Qazlal.
  1381 | D        | Found a snail-covered altar of Cheibriados.
  1381 | D        | Found a burning altar of Makhleb.
  1381 | D        | Found a shimmering altar of Xom.
  1382 | D        | Found a hazy altar of Hepliaklqana.
  1382 | D        | Found an opulent altar of Gozag.
  1382 | D        | Found a sparkling altar of Nemelex Xobeh.
  1382 | D        | Found a corrupted altar of Lugonu.
  1382 | D        | Found a viscous altar of Jiyva.
  1389 | D        | Reached skill level 10 in Spellcasting
  1457 | D        | Noticed Erica
  1464 | D        | Killed Erica
  1464 | D        | Reached *** piety under Vehumet
  1465 | D        | Reached skill level 1 in Air Magic
  1662 | D        | Offered knowledge of Ignite Poison by Vehumet.
  1663 | D        | Reached XP level 9. HP: 42/42 MP: 13/25
  1748 | D        | Noticed a centaur warrior
  1758 | D        | Killed a centaur warrior
  1833 | D        | Offered knowledge of Frozen Ramparts by Vehumet.
  1834 | D        | Reached skill level 10 in Stealth
  1837 | D        | Noticed an unseen horror
  1846 | D        | Killed an unseen horror
  1846 | D        | Reached **** piety under Vehumet
  1847 | D        | Reached skill level 1 in Poison Magic
  1973 | D        | Noticed a wandering mushroom
  1984 | D        | Noticed a wandering mushroom
  1991 | D        | Killed a wandering mushroom
  1991 | D        | Offered knowledge of Fireball by Vehumet.
  1993 | D        | Noticed a wandering mushroom
  2004 | D        | Killed a wandering mushroom
  2006 | D        | Killed a wandering mushroom
  2006 | D        | Reached ***** piety under Vehumet
  2061 | D        | Learned a level 5 spell: Fireball
  2069 | D        | Killed a seven-headed hydra
  2095 | D        | Killed a seven-headed hydra
  2159 | D        | Offered knowledge of Lightning Bolt by Vehumet.
  2165 | D        | Reached XP level 10. HP: 15/47 MP: 4/28
  2245 | D        | Reached ****** piety under Vehumet
  2371 | D        | Found Aliupian's Armour Shoppe.
  2456 | D        | Bought a scarf of resistance for 416 gold pieces
  2470 | D        | Noticed a deep elf zephyrmancer
  2470 | D        | Noticed a deep elf pyromancer
  2470 | D        | Noticed a deep elf pyromancer
  2470 | D        | Noticed a deep elf pyromancer
  2470 | D        | Noticed a deep elf knight
  2489 | D        | Killed a deep elf pyromancer
  2489 | D        | Offered knowledge of Irradiate by Vehumet.
  2489 | D        | Killed from afar by a deep elf knight

Illustrated notes

Levels and vault maps discovered:
D:        dungeon_sprint_mu [sprint_mu_entry_cave, sprint_mu_temple_rooms,
          sprint_mu_d1_horrors, sprint_mu_d2_genie, sprint_mu_d3_branching,
          sprint_mu_orc_legion, sprint_mu_elf_gauntlet, sprint_mu_hive_nellie,
          sprint_mu_lair_fedhas, sprint_mu_vaults_butterflies,
          sprint_mu_slime_circle, sprint_mu_swamp_cave, sprint_mu_snake_twists,
          sprint_mu_blade_basic, sprint_mu_crypt_fortress,
          sprint_mu_tomb_spiral, sprint_mu_vestibule_basic,
          sprint_mu_gehenna_hellfire, sprint_mu_dis_giant,
          sprint_mu_tartarus_statrot, sprint_mu_cocytus_islands, sprint_mu_zot1]

Skill      XL: |  1  2  3  4  5  6  7  8  9 |
---------------+----------------------------+-----
Conjurations   | 4 6 7 8 10 11 12 13 | 13.6
Dodging        | 3 4 5 6 7 8 9 |  9.2
Spellcasting   | 3 4 5 6 8 9 11 13 | 13.4
Stealth        | 4 5 6 7 8 9 10 | 10.5
Fighting       | 1 2 |  2.8
Air Magic      | 1 2 |  2.3
Poison Magic   | 1 |  1.4
Fire Magic     | |  0.1

Action                   |  1- 3 |  4- 6 |  7- 9 | 10-12 || total
-------------------------+-------+-------+-------+-------++-------
Melee: Dagger            |       |       |     1 |     3 ||     4
 Cast: Magic Dart        |    29 |       |     5 |     5 ||    39
       Searing Ray       |     1 |     7 |    26 |     3 ||    37
       Mephitic Cloud    |       |       |     6 |     1 ||     7
       Iskenderun's Myst |       |       |     4 |       ||     4
       Fireball          |       |       |     2 |       ||     2
       Dazzling Flash    |       |       |       |     1 ||     1
  Use: Potion            |     3 |       |       |     2 ||     5
Armor: Robe              |     1 |       |       |       ||     1
Dodge: Dodged            |     2 |     9 |    14 |     7 ||    32

Table legend: (Time is in decaauts)
 A = Elapsed time spent in this place.
 B = Non-inter-level travel time spent in this place.
 C = Inter-level travel time spent in this place.
 D = Time resting spent in this place.
 E = Time spent auto-exploring this place.
 F = Levels seen in this place.
 G = Mean time per level.
                   A        B        C        D        E       F      G
               +--------+--------+--------+--------+--------+-----+--------+
         Total |   2325 |   2325 |      0 |   1783 |     40 |   1 | 2325.0 |
       Dungeon |   2325 |   2325 |      0 |   1783 |     40 |   1 | 2325.0 |
               +--------+--------+--------+--------+--------+-----+--------+

Top non-repeatable levels by time:
       D: 2325 daAuts
